 Dungeon Crawl Stone Soup version 0.31.0 (webtiles) character file.

Game seed: 1903597748225632283

227 Sobieck the Shooter (level 5, -2/38 HPs)
             Began as a Mummy Hunter on Jan 19, 2024.
             Slain by a kobold brigand
             ... wielding a +0 short sword
              (9 damage)
             ... in a sewer.
             The game lasted 00:04:08 (2068 turns).

Sobieck the Shooter (Mummy Hunter)                  Turns: 2068, Time: 00:04:08

Health: -2/38      AC:  4    Str: 15    XL:     5   Next: 70%
Magic:  5/5        EV: 12    Int:  8    God:
Gold:   96         SH:  0    Dex: 17    Spells: 4/4 levels left

rFire   x . .        a - +0 shortbow
rCold   + . .        (shield currently unavailable)
rNeg    + + +        c - +0 leather armour
rPois   ∞            (no helmet)
rElec   .            h - +0 cloak
rCorr   +            (no gloves)
SInv    .            (no boots)
Will    .....        (no amulet)
Stlth   ++           g - ring of resist corrosion
HPRegen 0.26/turn    (no ring)
MPRegen 0.09/turn

%: faith
@: no status effects
A: cold resistance 1, negative energy resistance 3, torment resistance 2, heat
vulnerability 1, in touch with death 1, no potions, faith
a: no special abilities


You were in a sewer.
You visited 1 branch of the dungeon, and saw 3 of its levels.
You also visited: Sewer.

You collected 96 gold pieces.

Inventory:

Hand Weapons
 a - a +0 shortbow (weapon)
Armour
 c - a +0 leather armour (worn)
 h - a +0 cloak (worn)
Magical Staves
 k - a staff of cold
Jewellery
 g - a ring of resist corrosion (left hand)
 n - a ring of ice
Scrolls
 b - a scroll of butterflies
 d - 2 scrolls of identify {unknown}
 e - 3 scrolls of noise {unknown}
 f - 2 scrolls of enchant armour {unknown}
 i - a scroll of acquirement {unknown}
 j - a scroll of vulnerability {unknown}
 l - a scroll of enchant weapon {unknown}
 m - a scroll of silence {unknown}
 o - a scroll of fear {unknown}


   Skills:
 - Level 2.0 Fighting
 + Level 5.8 Ranged Weapons
 - Level 1.5 Dodging
 - Level 0.7 Stealth


You had 4 spell levels left.
You didn't know any spells.
Your spell library was empty.

Dungeon Overview and Level Annotations

Branches:
Dungeon (3/15)              Sewer (1/1)

Altars:


Innate Abilities, Weirdness & Mutations

You are immune to poison.
Your flesh is cold resistant. (rC+)
You are immune to negative energy. (rN+++)
You are immune to unholy pain and torment.
You are vulnerable to heat. (rF-)
You are in touch with the powers of death.
You do not drink.
You have a special connection with the divine. (Faith)


Message History

The kobold shouts! x3; The kobold brigand shouts!
Found four items.
Unknown command.
You shoot an arrow. The arrow hits the kobold.
You kill the kobold!
You shoot an arrow.
The arrow closely misses the kobold brigand.
The arrow closely misses the kobold.
You shoot an arrow. The arrow hits the kobold brigand!
The kobold brigand is moderately wounded.
The kobold brigand throws a poisoned dart.
The poisoned dart completely misses you.
You shoot an arrow. The arrow hits the kobold.
You kill the kobold!
You shoot an arrow. The arrow hits the kobold brigand!
The kobold brigand is heavily wounded.
The kobold brigand closely misses you.
You shoot an arrow.
The arrow barely misses the kobold brigand.
The arrow barely misses the kobold.
The kobold brigand hits you with a +0 short sword.
The kobold brigand hits you but does no damage.
You shoot an arrow. The arrow hits the kobold brigand.
The kobold brigand is severely wounded.
The kobold brigand hits you with a +0 short sword.
You shoot an arrow.
The arrow hits the kobold brigand but does no damage.
The kobold brigand is heavily wounded.
The kobold brigand hits you with a +0 short sword.
You shoot an arrow. The arrow hits the kobold brigand.
The kobold brigand is severely wounded.
You shoot an arrow. The arrow hits the kobold brigand.
The kobold brigand is severely wounded.
The kobold brigand hits you with a +0 short sword!
The kobold hits you with a +2 dagger of holy wrath.
You convulse.
* * * LOW HITPOINT WARNING * * *
You shoot an arrow. The arrow hits the kobold.
You kill the kobold!
The kobold brigand closely misses you.
You are too injured to fight recklessly!
You shoot an arrow. The arrow hits the kobold brigand.
The kobold brigand is almost dead.
The kobold brigand hits you with a +0 short sword.
* * * LOW HITPOINT WARNING * * *
The kobold misses you.
Unknown command.
You shoot an arrow. The arrow misses the kobold brigand.
The kobold brigand hits you with a +0 short sword!
You die...

......≈≈≈≈~~...†##
....~~≈≈≈≈~~.†...##
#....≈≈≈≈≈≈≈......#
#...~~≈≈≈≈≈~#.....#
#...~~≈≈≈≈≈~##....#
.....≈≈≈≈≈≈≈~#....#
...).~≈≈≈≈≈≈≈.....##
#...~~≈≈≈≈≈≈~......#
#..).≈≈≈≈≈≈≈≈~.K@..#
###'####≈#≈#≈###K###
#.....#≈#≈#≈# .).
#.....##≈#≈# .....
##...##≈#≈# ##...##
#.....##≈# ....?
#!.#..#≈# !!#.!
####### ### ###
≈≈≈≈≈≈≈


You could see a kobold brigand and a kobold.

Vanquished Creatures
  10 adders
  4 river rats (Sewer)
  A dart slug (D:3)
  2 ribbon worms
  15 ball pythons
  5 endoplasms
  5 giant cockroaches
  4 goblins
  4 hobgoblins (D:2)
  4 jackals (D:2)
  3 quokkas
  6 bats
  4 frilled lizards
  16 kobolds
  20 rats
103 creatures vanquished.

Notes
Turn   | Place    | Note
-------+----------+-------------------------------------------
     0 | D:1      | Sobieck the Mummy Hunter began the quest for the Orb.
     0 | D:1      | Reached XP level 1. HP: 16/16 MP: 1/1
   244 | D:1      | Reached XP level 2. HP: 22/22 MP: 2/2
   618 | D:2      | Reached skill level 4 in Ranged Weapons
   674 | D:2      | Reached XP level 3. HP: 27/27 MP: 3/3
  1007 | D:2      | Reached XP level 4. HP: 16/33 MP: 4/4
  1147 | D:2      | Reached skill level 5 in Ranged Weapons
  1345 | D:2      | Found a faded altar of an unknown god.
  1345 | D:2      | Noticed a Hell Sentinel
  1598 | D:3      | Reached XP level 5. HP: 38/38 MP: 5/5
  1613 | D:3      | Found a glowing drain.
  1617 | Sewer    | Entered a sewer
  2068 | Sewer    | Slain by a kobold brigand

Illustrated notes

Levels and vault maps discovered:
D:1:      minmay_arrival_glassed_features, layout_rooms,
          chequers_serial_rivers_room_b, chequers_garden, minmay_split_cup_large
D:2:      layout_rooms, dreamdust_ecumenical_altar_sealed_demon,
          serial_bayou_lagoon_a, minmay_snake_closets
D:3:      layout_loops_ring, bloody_makhleb, slow_altar_1,
          gup_sewer_entry_spiral
Sewer:    sewer_minmay_treatment

Skill      XL: |  1  2  3  4 |
---------------+-------------+-----
Ranged Weapons | 4 5 |  5.8
Fighting       | |  2.0
Dodging        | |  1.5
Stealth        | |  0.7

Action                     |  1- 3 |  4- 6 || total
---------------------------+-------+-------++-------
   Fire: Shortbow          |   127 |   192 ||   319
 Armour: Leather armour    |    35 |    68 ||   103
  Dodge: Dodged            |    36 |    42 ||    78
